 Dungeon Crawl Stone Soup version 0.30-a0-219-gf2db51d15e (webtiles) character file.

Game seed: 12543208925785017129

144 BlueGoblin the Scholar of Death (level 5, -2/35 HPs)
             Began as a Mummy Necromancer on Oct 7, 2022.
             Was a Follower of Kikubaaqudgha.
             Slain by an orc
             ... wielding a +2 dagger of speed
              (3 damage)
             ... on level 3 of the Dungeon.
             The game lasted 00:04:29 (3021 turns).

BlueGoblin the Scholar of Death (Mummy Necromancer) Turns: 3021, Time: 00:04:30

Health: -2/35      AC:  4    Str: 12    XL:     5   Next: 5%
Magic:  0/11       EV: 12    Int: 16    God:    Kikubaaqudgha [*.....]
Gold:   66         SH:  0    Dex: 12    Spells: 12/13 levels left

rFire   x . .      SeeInvis .    c - +0 war axe (elec)
rCold   + . .      Faith    +    (no shield)
rNeg    + + +      Spirit   +    a - +0 robe
rPois   ∞          Reflect  .    h - +2 hat
rElec   .          Harm     .    (no cloak)
rCorr   .          Rampage  .    (no gloves)
Will    .....                    (no boots)
Stlth   ++........               e - amulet of guardian spirit
HPRegen 0.25/turn                (no ring)
MPRegen 0.12/turn                (no ring)

@: no status effects
A: cold resistance 1, negative energy resistance 3, torment resistance 2, heat
vulnerability 1, in touch with death 1, no potions, faith
a: Renounce Religion, Unearth Wretches


You were on level 3 of the Dungeon.
You worshipped Kikubaaqudgha.
Kikubaaqudgha was aware of your devotion.
You visited 1 branch of the dungeon, and saw 3 of its levels.

You collected 66 gold pieces.

Inventory:

Hand Weapons
 b - a +0 short sword
 c - a +0 war axe of electrocution (weapon)
Armour
 a - a +0 robe (worn)
 h - a +2 hat (worn)
Jewellery
 e - an amulet of guardian spirit (around neck)
Scrolls
 d - a scroll of fear {unknown}
 f - 4 scrolls of identify {unknown}
 g - a scroll of brand weapon {unknown}
 i - a scroll of noise {unknown}


   Skills:
 + Level 0.2 Fighting
 + Level 2.0 Dodging
 - Level 1.5 Stealth
 + Level 4.5 Spellcasting
 + Level 5.3 Necromancy


You had 12 spell levels left.
You knew the following spells:

 Your Spells              Type           Power      Damage    Failure   Level
a - Necrotise             Necr           100%       1d9       1%          1

Your spell library contained the following spells:

 Spells                   Type           Power      Damage    Failure   Level
 Kiss of Death            Conj/Necr      72%        2d10      5%          1
 Vampiric Draining        Necr           31%        2d8       5%          3
 Animate Dead             Necr           31%        N/A       19%         4
 Ensorcelled Hibernation  Hex/Ice        6%         N/A       24%         2
 Passwall                 Tmut/Erth      2%         N/A       24%         2
 Gell's Gravitas          Tloc           3%         N/A       43%         3
 Lesser Beckoning         Tloc           6%         N/A       43%         3
 Swiftness                Air            3%         N/A       43%         3
 Teleport Other           Tloc           3%         N/A       43%         3
 Agony                    Necr           31%        N/A       45%         5
 Passage of Golubria      Tloc           3%         N/A       85%         4
 Dispersal                Tloc           1%         N/A       100%        6


Dungeon Overview and Level Annotations

Branches:
Dungeon (3/15)

Altars:
Kikubaaqudgha


Innate Abilities, Weirdness & Mutations

You are immune to poison.
Your flesh is cold resistant. (rC+)
You are immune to negative energy. (rN+++)
You are immune to unholy pain and torment.
You are vulnerable to heat. (rF-)
You are in touch with the powers of death.
You do not drink.
You have a special connection with the divine. (Faith)


Message History

* * * LOW HITPOINT WARNING * * *
The hobgoblin hits your orc priest skeleton.
Casting: Necrotise (safe; 1% risk of failure)
Confirm with . or Enter, or press ? or * to list all spells.
Okay, then.
Unknown command.
The orc attacks as you move away! The orc barely misses you. x2
The hobgoblin hits your orc priest skeleton.
Your orc priest skeleton barely misses the hobgoblin.
The hobgoblin hits your orc priest skeleton.
Found 16 gold pieces.
Your orc priest skeleton closely misses the hobgoblin.
The hobgoblin hits your orc priest skeleton.
Your orc priest skeleton barely misses the hobgoblin.
The hobgoblin hits your orc priest skeleton.
Casting: Necrotise (safe; 1% risk of failure)
Confirm with . or Enter, or press ? or * to list all spells.
Aiming: Necrotise (safe; 1% risk of failure)
Press: ? - help, Shift-Dir - straight line, f - orc
Aim: an orc, wielding a +2 dagger of speed (chance to affect: 93%)
You feel a surge of power!
The orc writhes in agony.
The orc hits you with a +2 dagger of speed.
* * * LOW HITPOINT WARNING * * *
Your orc priest skeleton completely misses the hobgoblin.
The hobgoblin hits your orc priest skeleton.
Your orc priest skeleton is destroyed!
Unknown command.
The orc attacks as you move away!
The orc hits you with a +2 dagger of speed.
* * * LOW HITPOINT WARNING * * *
The orc attacks as you move away!
The orc hits you with a +2 dagger of speed.
* * * LOW HITPOINT WARNING * * *
The orc attacks as you move away!
The orc hits you with a +2 dagger of speed.
* * * LOW HITPOINT WARNING * * *
The orc attacks as you move away!
The orc hits you with a +2 dagger of speed.
You die...
Kikubaaqudgha rasps: "You have failed me!
Welcome... oblivion!"

#........ #..#
#........ #..#
#........ #..#
#..o.)... #..#
#....h... #..#
#####o### #..#
#.### #..# #.##.
#.@############g###
#$.oo....g...).h# #
#....#######.####
###### #.# #.######
#....... ########


You could see 2 orcs and a hobgoblin.

Vanquished Creatures
  An orc priest (D:3)
  Terence (D:3)
  4 adders
  A worm (D:2)
  A dart slug (D:3)
  An orc (D:3)
  4 bats
  2 endoplasms
  A giant cockroach (D:1)
  4 goblins
  2 hobgoblins
  9 kobolds
  2 quokkas
  7 ball pythons
  2 frilled lizards
  2 rats (D:2)
44 creatures vanquished.

Vanquished Creatures (collateral kills)
  A dart slug (D:2)
  An endoplasm (D:2)
2 creatures vanquished.

Grand Total: 46 creatures vanquished

Notes
Turn   | Place    | Note
-------+----------+-------------------------------------------
     0 | D:1      | BlueGoblin the Mummy Necromancer began the quest for the
                  | Orb.
     0 | D:1      | Reached XP level 1. HP: 13/13 MP: 4/4
   290 | D:1      | Got the Vellum of the Elliptic Dead
   677 | D:1      | Reached XP level 2. HP: 19/19 MP: 3/5
  1720 | D:2      | Found an ancient bone altar of Kikubaaqudgha.
  1731 | D:2      | Became a worshipper of Kikubaaqudgha
  1943 | D:2      | Gained mutation: You are in touch with the powers of death.
                  | [Mummy growth]
  1943 | D:2      | Reached XP level 3. HP: 16/24 MP: 0/7
  2429 | D:3      | Reached * piety under Kikubaaqudgha
  2429 | D:3      | Received a gift from Kikubaaqudgha
  2456 | D:3      | Reached XP level 4. HP: 27/30 MP: 2/9
  2527 | D:3      | Reached skill level 5 in Necromancy
  2852 | D:3      | Noticed Terence
  2859 | D:3      | Killed Terence
  2992 | D:3      | Noticed a black bear
  3008 | D:3      | Reached XP level 5. HP: 11/35 MP: 0/11
  3020 | D:3      | HP: 1/35 [orc/+2 dagger of speed (4)]
  3021 | D:3      | Slain by an orc

Illustrated notes

Levels and vault maps discovered:
D:1:      roderic_lyre, layout_basic, serial_bayou_lagoon_a
D:2:      layout_loops_cross, basic_altar, minmay_tiny_reverse_x
D:3:      layout_loops_ring, uniq_natasha, uniq_terence

Skill      XL: |  1  2  3  4 |
---------------+-------------+-----
Spellcasting   | 3 4 |  4.5
Necromancy     | 5 |  5.3
Dodging        | 2 |  2.0
Fighting       | |  0.2
Stealth        | |  1.5

Action                   |  1- 3 |  4- 6 || total
-------------------------+-------+-------++-------
Melee: Short sword       |     3 |       ||     3
       War axe           |    21 |     7 ||    28
       Unarmed           |     1 |       ||     1
 Cast: Necrotise         |    65 |    21 ||    86
Armor: Robe              |    20 |     4 ||    24
Dodge: Dodged            |    44 |    11 ||    55

Table legend: (Time is in decaauts)
 A = Elapsed time spent in this place.
 B = Non-inter-level travel time spent in this place.
 C = Inter-level travel time spent in this place.
 D = Time resting spent in this place.
 E = Time spent auto-exploring this place.
 F = Levels seen in this place.
 G = Mean time per level.
                   A        B        C        D        E       F      G
               +--------+--------+--------+--------+--------+-----+--------+
         Total |   3040 |   2879 |    161 |     64 |   2470 |   3 | 1013.3 |
       Dungeon |   3040 |   2879 |    161 |     64 |   2470 |   3 | 1013.3 |
               +--------+--------+--------+--------+--------+-----+--------+

Top non-repeatable levels by time:
     D:1: 1432 daAuts
     D:2: 981 daAuts
     D:3: 625 daAuts
